 Dungeon Crawl Stone Soup version 0.28-a0-1347-g113dc556a4 (webtiles) character file.

Game seed: 4478003102467679713

77 browni3141 the Chopper (level 4, 0/36 HPs)
             Began as a Ghoul Gladiator on Dec 29, 2021.
             Slain by an orc (4 damage)
             ... on level 3 of the Dungeon.
             The game lasted 00:01:55 (1541 turns).

browni3141 the Chopper (Ghoul Gladiator)            Turns: 1541, Time: 00:01:56

Health: 0/36       AC:  7    Str: 19    XL:     4   Next: 33%
Magic:  3/3        EV: 11    Int:  3    God:
Gold:   125        SH:  0    Dex: 10    Spells: 3/3 levels left

rFire   . . .      SeeInvis .   m - +0 hand axe
rCold   + + .      Faith    .   (no shield)
rNeg    + + +      Spirit   .   k - +0 ring mail
rPois   ∞          Reflect  .   c - +0 helmet
rElec   .          Harm     .   l - +0 cloak
rCorr   .          Rampage  .   (no gloves)
Will    .....                   (no boots)
Stlth   ..........              (no amulet)
HPRegen 0.00/turn               g - ring of protection from cold
MPRegen 0.08/turn               (no ring)

@: inhibited regen
A: claws 1, cold resistance 1, negative energy resistance 3, inhibited
regeneration, torment resistance 2
a: no special abilities


You were on level 3 of the Dungeon.
You visited 1 branch of the dungeon, and saw 3 of its levels.

You collected 125 gold pieces.

Inventory:

Hand Weapons
 a - a +0 war axe
 m - a +0 hand axe (weapon)
Missiles
 d - a throwing net (quivered)
Armour
 b - a +0 leather armour
 c - a +0 helmet (worn)
 k - a +0 ring mail (worn)
 l - a +0 cloak (worn)
Jewellery
 g - a ring of protection from cold (left claw)
Scrolls
 e - a scroll of enchant weapon {unknown}
 h - 2 scrolls of amnesia {unknown}
 i - a scroll of magic mapping {unknown}
 n - 2 scrolls of identify {unknown}
Potions
 f - a potion of berserk rage {unknown}
 j - 2 potions of heal wounds {unknown}


   Skills:
 - Level 2.1 Fighting
 * Level 4.0 Axes
 + Level 2.6 Throwing
 - Level 2.6 Dodging


You had 3 spell levels left.
You didn't know any spells.
Your spell library contained the following spells:

 Spells                   Type           Power      Damage    Failure   Level
 Magic Dart               Conj           0%         1d3       71%         1
 Call Imp                 Summ           0%         N/A       85%         2
 Mephitic Cloud           Conj/Pois/Air  0%         N/A       97%         3


Dungeon Overview and Level Annotations

Branches:
Dungeon (3/15)

Altars:


Innate Abilities, Weirdness & Mutations

You thrive by killing the living.
You are immune to poison.
You have sharp fingernails.
Your flesh is cold resistant. (rC+)
You are immune to negative energy. (rN+++)
You do not regenerate when monsters are visible.
You are immune to unholy pain and torment.


Message History

The orc priest looks braver for a moment.
The orc closely misses you.
Unknown command.
You hit the orc priest but do no damage.
The orc priest is heavily wounded.
You closely miss the orc. You hit the orc but do no damage. The orc misses you.
The orc priest hits you with a +0 short sword.
The orc completely misses you.
The orc priest hits you with a +0 short sword.
The orc hits you with a +0 short sword.
You hit the orc priest.
The orc priest is severely wounded.
You closely miss the orc. You hit the orc. The orc hits you but does no damage.
The orc priest misses you. The orc barely misses you.
Unknown command.
You closely miss the orc priest.
The orc priest is severely wounded.
You hit the orc. You hit the orc but do no damage.
The orc hits you with a +0 hand axe. The orc closely misses you.
The orc priest closely misses you.
Unknown command.
You hit the orc priest.
The orc priest is almost dead.
You hit the orc but do no damage. You completely miss the orc.
The orc barely misses you. The orc hits you with a +0 short sword.
* * * LOW HITPOINT WARNING * * *
The orc priest hits you with a +0 short sword.
* * * LOW HITPOINT WARNING * * *
You closely miss the orc priest.
The orc priest is almost dead.
You closely miss the orc. You hit the orc. The orc hits you with a +0 hand axe.
* * * LOW HITPOINT WARNING * * *
The orc priest looks braver for a moment.
The orc barely misses you.
Unknown command.
You barely miss the orc priest.
The orc priest is almost dead.
You barely miss the orc. You closely miss the orc.
The orc hits you but does no damage. The orc hits you with a +0 short sword.
You die...

.. ... . ...
## ## ##. ..
.. .......
#. .#.#) #
.. ... .#
#.#.#.#o#.##
......o@)..#
#.#.#.#o#.##
.. ..( .# #.
.#.#. # #
#######


You could see an orc priest and 2 orcs.

Vanquished Creatures
  3 adders (D:2)
  A dart slug (D:2)
  An orc (D:3)
  4 endoplasms
  7 hobgoblins
  6 jackals (D:1)
  A quokka (D:2)
  4 ball pythons
  4 bats
  4 frilled lizards
  4 goblins
  2 kobolds (D:1)
  3 rats
44 creatures vanquished.

Notes
Turn   | Place    | Note
-------+----------+-------------------------------------------
     0 | D:1      | browni3141 the Ghoul Gladiator began the quest for the Orb.
     0 | D:1      | Reached XP level 1. HP: 17/17 MP: 0/0
   209 | D:1      | Reached skill level 3 in Axes
   209 | D:1      | Reached XP level 2. HP: 24/24 MP: 1/1
   616 | D:1      | Reached XP level 3. HP: 29/29 MP: 2/2
  1084 | D:2      | Found a faded altar of an unknown god.
  1164 | D:2      | Reached XP level 4. HP: 18/36 MP: 3/3
  1166 | D:2      | Reached skill level 4 in Axes
  1541 | D:3      | Slain by an orc

Illustrated notes

Levels and vault maps discovered:
D:1:      dpeg_arrival_oval, layout_loops_cross, corexii_hall_statues_deadend,
          amcnicky_mini_corridor_feature, kennysheep_minor_cross,
          minmay_hexomino_u4
D:2:      layout_rooms, shapermc_ecumenical_altar_acropolis
D:3:      layout_basic, slow_altar_1, serial_shops,
          nicolae_shop_bloodbath_and_beyond, st_stairs_12,
          uniq_crazy_yiuf_cottage

Skill      XL: |  1  2  3  4 |
---------------+-------------+-----
Axes           | 3 4 |  4.0
Throwing       | 2 |  2.6
Fighting       | |  2.1
Dodging        | |  2.6

Action                   |  1- 3 |  4- 6 || total
-------------------------+-------+-------++-------
Melee: War axe           |    96 |       ||    96
       Hand axe          |    19 |    29 ||    48
Throw: Throwing net      |       |     2 ||     2
Armor: Leather armour    |    41 |       ||    41
       Ring mail         |    21 |    18 ||    39
Dodge: Dodged            |    75 |    30 ||   105

Table legend: (Time is in decaauts)
 A = Elapsed time spent in this place.
 B = Non-inter-level travel time spent in this place.
 C = Inter-level travel time spent in this place.
 D = Time resting spent in this place.
 E = Time spent auto-exploring this place.
 F = Levels seen in this place.
 G = Mean time per level.
                   A        B        C        D        E       F      G
               +--------+--------+--------+--------+--------+-----+--------+
         Total |   1580 |   1552 |     28 |      0 |   1198 |   3 |  526.7 |
       Dungeon |   1580 |   1552 |     28 |      0 |   1198 |   3 |  526.7 |
               +--------+--------+--------+--------+--------+-----+--------+

Top non-repeatable levels by time:
     D:1: 899 daAuts
     D:2: 660 daAuts
     D:3: 20 daAuts
